 Dungeon Crawl Stone Soup version 0.19.0-22-gd96e5fe (console) character file.

625339 HyperMorgan the Slayer (level 27, -8/154 HPs)
             Began as a Gargoyle Arcane Marksman on Nov 19, 2016.
             Was the Champion of Okawaru.
             Killed from afar by a starcursed mass (19 damage)
             ... with an accursed screaming
             ... while paralysed by accursed screaming
             ... on level 4 of the Abyss.
             The game lasted 03:08:23 (66336 turns).

HyperMorgan the Slayer (Gargoyle Arcane Marksman)  Turns: 66336, Time: 03:08:29

Health: -8/154     AC: 58    Str: 33      XL:     27
Magic:  30/30      EV:  2    Int: 17      God:    Okawaru [******]
Gold:   5129       SH:  0    Dex: 16 (17) Spells: 5 memorised, 25 levels left

rFire  + . .     SeeInvis +     a - +9 eveningstar {speed, Str+4 Int+4}
rCold  + + +     Gourm    .     Y - +7 plate armour "Maut" {+Inv rC++ MR+ Dex-3}
rNeg   + + +     Faith    .     s - +3 large shield "Quliat" {+Blink rN+}
rPois  ∞         Spirit   .     c - +2 helmet {Int+3}
rElec  +         Reflect  +     L - +2 cloak {MR+}
rCorr  .         Harm     .     B - +2 pair of gloves "Gesuqak" {Str+7 Int-5 Dex+2}
MR     ++++.                    O - +2 pair of boots {Stlth+}
Stlth  ..........               q - +5 amulet of reflection
                                d - ring "Hiyraesi" {EV+4 SInv Stlth+}
                                N - ring "Goaggem" {rF+ rN+ Dex+4}

@: paralysed, flying, studying Maces & Flails
A: big wings, cold resistance 1, deformed body, deterioration 2, frail 2,
negative energy resistance 1, electricity resistance, unbreathing, petrification
resistance, rot immunity, AC +20
a: Stop Flying, Heroism, Finesse, Renounce Religion, Evoke Blink, Evoke
Invisibility
}: 5/15 runes: decaying, serpentine, slimy, silver, abyssal


You were on level 4 of the Abyss.
You worshipped Okawaru.
Okawaru was exalted by your worship.
You were not hungry.

You visited 9 branches of the dungeon, and saw 47 of its levels.
You visited the Abyss 1 time.
You also visited: Labyrinth and Ice Cave.

You collected 7483 gold pieces.
You spent 2354 gold pieces at shops.

Inventory:

Hand Weapons
 a - the +9 eveningstar of Woe (weapon) {speed, Str+4 Int+4}
   (You acquired it on level 3 of the Lair of Beasts)

   Attacks with this weapon are significantly faster.
   It affects your strength (+4).
   It affects your intelligence (+4).
 b - the +5 demon whip "Spellbinder" {antimagic, MR+}
   (You found it on level 6 of the Lair of Beasts)

   It reduces the magical energy of the wielder, and disrupts the spells and
   magical abilities of those hit.
   Natural abilities and divine invocations are not affected.
   It affects your resistance to hostile enchantments.
 h - a +2 short sword of distortion
Armour
 c - a +2 helmet of intelligence (worn)
 s - the +3 large shield "Quliat" (worn) {+Blink rN+}
   (You took it off Mennas on level 5 of the Vaults)

   It protects you from negative energy.
   It lets you blink.
 B - the +2 pair of gloves "Gesuqak" (worn) {Str+7 Int-5 Dex+2}
   (Okawaru gifted it to you on level 4 of the Snake Pit)

   It affects your strength (+7).
   It affects your intelligence (-5).
   It affects your dexterity (+2).
 L - a +2 cloak of magic resistance (worn)
 O - a +2 pair of boots of stealth (worn)
 R - a +2 pair of gloves of dexterity
 T - the +0 cloak of the Grey Skies {rF+++ rC+ Str-5}
   (Okawaru gifted it to you on level 3 of the Crypt)

   It affects your strength (-5).
   It renders you almost immune to fire.
   It protects you from cold.
 Y - the +7 plate armour "Maut" (worn) {+Inv rC++ MR+ Dex-3}
   (Okawaru gifted it to you on level 14 of the Dungeon)

   It affects your dexterity (-3).
   It greatly protects you from cold.
   It affects your resistance to hostile enchantments.
   It lets you turn invisible.
Jewellery
 d - the ring "Hiyraesi" (right hand) {EV+4 SInv Stlth+}
   (You bought it in a shop on level 10 of the Dungeon)

   [ring of evasion]

   It affects your evasion (+4).
   It lets you see invisible.
   It makes you more stealthy.
 o - an uncursed amulet of regeneration
 q - a +5 amulet of reflection (around neck)
 N - the ring "Goaggem" (left hand) {rF+ rN+ Dex+4}
   (You found it on level 3 of the Crypt)

   [ring of positive energy]

   It affects your dexterity (+4).
   It protects you from fire.
   It protects you from negative energy.
 U - the ring "Saah" {+Blink MR+ MP+9 Dex+4 Slay-5}
   (You took it off a deep elf demonologist on level 3 of the Elven Halls)

   [ring of magical power]

   It affects your dexterity (+4).
   It affects your accuracy and damage with ranged weapons and melee attacks
   (-5).
   It affects your resistance to hostile enchantments.
   It affects your magic capacity (+9).
   It lets you blink.
Wands
 i - a wand of digging (12/24)
 k - a wand of acid (6/15)
 J - a wand of hasting (7/9)
 Z - a wand of heal wounds (4/9)
Scrolls
 j - 14 scrolls of fog
 n - a scroll of identify
 r - 18 scrolls of remove curse
 y - 9 scrolls of fear
 A - 9 scrolls of recharging
 F - 4 scrolls of enchant armour
 G - 11 scrolls of magic mapping
 I - 7 scrolls of teleportation
 K - a scroll of holy word
 M - 6 scrolls of blinking
 P - 2 scrolls of silence
Potions
 g - 8 potions of cancellation
 m - 24 potions of curing
 t - 6 potions of might
 v - 7 potions of heal wounds
 x - 6 potions of berserk rage
 C - 5 potions of brilliance
 D - 10 potions of agility
 E - 5 potions of magic
 H - 2 potions of cure mutation
 S - a potion of haste
 V - 2 potions of resistance
Books
 w - a manual of Maces & Flails
Miscellaneous
 e - a lamp of fire
 p - a fan of gales
 X - a phial of floods
Comestibles
 f - 24 bread rations
 l - 7 meat rations
 u - 22 fruits
 z - 23 beef jerkies


   Skills:
 + Level 25.3 Fighting
 + Level 16.3 Maces & Flails
   Level 10.0 Crossbows
 - Level 22.1 Armour
 - Level 10.0 Dodging
 - Level 3.2 Stealth
 - Level 21.5 Shields
 - Level 5.0 Spellcasting
 - Level 5.0 Hexes
 - Level 5.0 Charms
 - Level 5.0 Necromancy
 - Level 5.0 Translocations
 + Level 4.8 Air Magic
 - Level 10.0 Invocations
 - Level 8.0 Evocations


You had 25 spell levels left.
You knew the following spells:

 Your Spells              Type           Power        Failure   Level  Hunger
a - Apportation           Tloc           ###.......   12%         1    None
b - Corpse Rot            Necr           N/A          17%         2    #......
c - Regeneration          Chrm/Necr      ###.......   30%         3    ###....
d - Spectral Weapon       Hex/Chrm       ###.....     30%         3    ###....
e - Repel Missiles        Chrm/Air       ###...       17%         2    #......


Dungeon Overview and Level Annotations

Branches:
Dungeon (15/15)            Temple (0/1) D:6            Lair (6/6) D:8
  Swamp (4/4) Lair:2        Snake (4/4) Lair:2        Slime (5/5) Lair:5
    Orc (2/2) D:9             Elf (3/3) Orc:2        Vaults (5/5) D:13
  Crypt (3/3) Vaults:3       Tomb (0/3) Crypt:3      Depths (0/5) D:15

Altars:
Ashenzari
Cheibriados
Dithmenos
Elyvilon
Fedhas
Gozag
Kikubaaqudgha
Makhleb
Nemelex Xobeh
Okawaru
Qazlal
Uskayaw
Yredelemnul
Zin
The Shining One
Jiyva

Shops:
D:4 [   D:5 [   D:9 !   D:10 =   Orc:2 =!}*   Elf:3 :   Snake:1 *   Vaults:3 %?
Vaults:4 (

Portals:
Hell: Lair:6

Annotations:
D:8 Gastronok
Abyss:1 Mara


Innate Abilities, Weirdness & Mutations

You are resistant to torment.
Your stone body is resilient. (AC +20)
You are immune to poison.
Your large and strong wings let you fly indefinitely.
You resist negative energy. (rN+)
You are resistant to electric shocks. (rElec)
You can survive without breathing.
You are immune to petrification.
You are immune to rotting.
Your flesh is cold resistant. (rC+)
Armour fits poorly on your strangely shaped body.
[Your body often deteriorates upon taking damage.]
[You are very frail. (-20% HP)]


Message History

The starcursed mass is heavily damaged.
The starcursed mass shudders and withdraws towards its neighbour. x7
You block the large abomination's attack.
A starcursed mass splits.
You block the starcursed mass's attack.
A cacophony of accursed wailing tears at your sanity!
* * * LOW HITPOINT WARNING * * *
You suddenly lose the ability to move!
The manticore simulacrum bites you but does no damage.
The manticore simulacrum claws you but does no damage. x2
The large abomination hits you but does no damage.
The starcursed mass engulfs you but does no damage.
A cacophony of accursed wailing tears at your sanity!
* * * LOW HITPOINT WARNING * * *
Your body deteriorates!
You feel clumsy.
The manticore simulacrum bites you but does no damage.
The manticore simulacrum claws you but does no damage. x2
The white imp hits you but does no damage.
The starcursed mass barely misses you.
A starcursed mass splits.
A cacophony of accursed wailing tears at your sanity!
You die...

▒ ▒∙ ▒∙▒ ∙ ▒ ∙
▒∙ ∙ ▒∙ ▒▒ ∙ ∙
∙∙ ▒ ▒∙ ▒▒ ▒
▒▒∙▒▒ ▒∙
▒∙∙▒▒▒▒∙∙∙ ∙▒ ▒
▒▒▒∙▒▒▒▒▒∙∙∙∙∙∙
∙∙▒ ▒▒ ▒


∙∙∙∙∙∙∙∙X∙X∙∙∙∙∙∙ ∙∙▒ ∙ ∙∙∙∙∙∙5XXX▒▒▒▒∙ ▒∙∙∙∙▒∙▒ ▒∙∙∙∙∙X9XX∙▒ ▒∙∙▒▒▒∙ ▒
▒∙∙▒▒▒▒▒ZXX∙∙∙∙ ▒▒▒∙▒∙▒ ▒XX▒▒▒▒∙∙ ▒ ∙∙ ▒XXE∙ ∙∙∙∙ ▒▒ ∙∙∙X∙▒▒▒▒▒ ∙∙∙▒∙∙∙∙
∙∙∙▒▒∙∙∙∙ ∙∙∙▒∙∙▒∙∙ You could see 13 starcursed masses, 2 large abominations, an
earth elemental, a white imp and a manticore simulacrum.

Vanquished Creatures
  the Royal Jelly (Slime:5)
  2 ancient liches
  Khufu (Crypt:2)
  Mennas (Vaults:5)
  A greater mummy (Crypt:2)
  Vashnia (Snake:3)
  Frederick (Crypt:2)
  Boris (Vaults:2)
  Saint Roka (Crypt:2)
  Bai Suzhen (Snake:3)
  A profane servitor (Abyss:4)
  A golden dragon (Vaults:5)
  4 bone dragons
  Jorgrun (Swamp:3)
  5 tentacled monstrosities
  8 titans (Vaults:5)
  Rupert (Lair:3)
  6 liches
  2 quicksilver dragons
  Asterion (Elf:3)
  17 acid blobs
  3 deep elf blademasters
  7 tentacled starspawn (Abyss:4)
  3 ancient champions
  3 tengu reavers
  A sphinx (shapeshifter) (D:14)
  9 sphinxes
  3 storm dragons
  Agnes (D:14)
  2 thorn hunters
  Roxanne (Snake:4)
  Donald (Orc:1)
  A shadow dragon (shapeshifter) (Vaults:5)
  4 revenants
  19 nagarajas
  12 azure jellies
  4 shadow dragons (Vaults:5)
  3 deep elf sorcerers
  3 fire giants
  2 orc warlords
  Louise (Swamp:4)
  An iron dragon (Vaults:5)
  Aizul (Snake:2)
  3 frost giants
  2 deep elf elementalists
  A juggernaut zombie (Crypt:2)
  3 curse skulls
  12 ironheart preservers
  12 vault wardens
  8 ghouls
  A reaper (Crypt:1)
  4 very ugly things
  A stone giant (shapeshifter) (Vaults:5)
  6 war gargoyles
  10 deep elf annihilators
  Nessos (Lair:5)
  5 entropy weavers
  14 deep elf demonologists
  10 stone giants
  The ghost of taraiph the Minotaur Blade, a journeyman MiFi of Trog (Lair:6)
  6 vampire knights
  Azrael (Elf:2)
  A red draconian (Vaults:1)
  A spark wasp (shapeshifter) (Vaults:5)
  3 eidola
  Snorg (D:14)
  A minotaur (Lab)
  5 death oozes (Slime:5)
  5 ettins
  8 deep elf death magi
  8 jiangshi
  3 deep elf high priests
  4 fire dragons
  14 ogre magi
  4 ice dragons
  A mummy priest (Crypt:3)
  41 vault guards
  7 yaktaur captains
  12 naga warriors
  2 rakshasas
  10 great orbs of eyes
  24 hydras
  Harold (D:12)
  12 centaur warriors
  3 death knights
  3 ghost crabs
  10 anacondas
  A deep troll earth mage (D:14)
  24 dancing weapons
  6 death yaks (Lair:6)
  3 vampire magi
  30 thrashing horrors (Abyss:4)
  2 alligators
  4 orc high priests
  3 hell hogs (Abyss:4)
  Sonja (D:12)
  7 naga sharpshooters
  8 shock serpents
  28 large abominations (Abyss:4)
  7 wretched stars (Abyss:4)
  9 hell knights (Crypt:3)
  31 deep elf knights
  A fire crab (Abyss:4)
  2 spriggans
  A sun demon (Lair:6)
  5 shadow wraiths
  46 skeletal warriors
  The ghost of arthad the Blocker, a novice FoFi of Okawaru (D:6)
  2 salamander mystics (Snake:4)
  An anaconda zombie (Crypt:2)
  2 storm dragon skeletons
  42 starcursed masses (Abyss:4)
  6 unseen horrors
  A spriggan druid (Swamp:2)
  4 deep trolls
  A sixfirhy (Lair:6)
  2 sea snakes (Snake:2)
  10 swamp dragons
  3 glowing orange brains
  10 naga ritualists
  5 flayed ghosts
  3 wizards
  6 hill giants
  A spectral hydra (Crypt:2)
  21 deep elf archers
  A glowing orange brain (shapeshifter) (Vaults:1)
  An orange crystal statue (Elf:1)
  2 shambling mangroves
  13 orc knights
  4 necromancers
  The ghost of jackrogers the Cleaver, a novice HOCK of Xom (D:7)
  16 ironbrand convokers
  61 deep elf magi
  17 ugly things
  7 phantasmal warriors
  A hell hog zombie (Crypt:1)
  2 shadow dragon zombies (Crypt:1)
  4 oklob plants
  10 harpies (Vaults:3)
  7 mana vipers
  5 orc sorcerers
  3 shadow dragon skeletons
  An iron dragon zombie (Crypt:1)
  2 fire giant zombies
  A wolf spider (shapeshifter) (Vaults:3)
  A wolf spider (Vaults:5)
  2 anaconda skeletons (Crypt:3)
  4 worldbinders (Abyss:4)
  9 salamanders (Snake:4)
  A cyclops (shapeshifter) (Vaults:5)
  2 manticores
  An iron dragon skeleton (Crypt:1)
  6 shining eyes
  The ghost of GlenndL the Poker, a novice GrCK of Xom (D:5)
  4 cyclopes
  A sphinx skeleton (Vaults:3)
  2 apocalypse crabs (Abyss:4)
  A rust devil (Abyss:4)
  15 naga magi
  8 elephants (Lair:6)
  18 guardian serpents
  A dire elephant zombie (Crypt:3)
  2 frost giant skeletons
  30 black mambas
  3 fire giant skeletons
  19 vault sentinels
  2 centaur zombies
  An eye of devastation (Slime:4)
  6 gargoyles
  14 spiny frogs
  An ice statue (IceCv)
  5 orange demons
  11 smoke demons
  A mottled draconian zombie (Crypt:2)
  A human zombie (Vaults:3)
  10 freezing wraiths
  A hellwing (Lair:6)
  A demonic crawler (Abyss:4)
  45 yaktaurs
  A rime drake (shapeshifter) (Vaults:2)
  4 ice devils (Lair:6)
  3 efreet
  4 kobold demonologists
  9 rime drakes
  2 guardian mummies (Crypt:3)
  8 red devils
  10 komodo dragons
  A black draconian skeleton (Crypt:1)
  7 ancient zymes (Abyss:4)
  2 tengu conjurers
  A silent spectre (Abyss:4)
  16 small abominations
  A yaktaur skeleton (Vaults:5)
  20 polar bears
  2 trolls (shapeshifter)
  6 tyrant leeches
  A meliai (shapeshifter) (D:14)
  19 trolls
  8 hornets
  2 wind drakes (shapeshifter)
  15 two-headed ogres
  A tengu simulacrum (Vaults:5)
  2 hydra skeletons (Crypt:3)
  A minotaur skeleton (Lab)
  20 raiju (Abyss:4)
  10 blink frogs
  12 hippogriffs
  102 slime creatures
  Grinder (D:3)
  2 ettin zombies
  A wolf spider simulacrum (D:14)
  A meliai zombie (D:13)
  A dream sheep (Lair:6)
  7 bog bodies
  An ice dragon zombie (Crypt:1)
  An alligator zombie (Crypt:2)
  A stone giant simulacrum (Abyss:4)
  6 flying skulls (Abyss:4)
  8 redbacks
  11 shadows
  4 water elementals
  An ettin skeleton (Vaults:3)
  7 ynoxinuls (Abyss:4)
  A tarantella (shapeshifter) (Vaults:5)
  A shock serpent simulacrum (Abyss:4)
  4 air elementals
  2 wyverns
  58 yaks
  A vampire (D:9)
  A guardian serpent skeleton (Crypt:1)
  An ice dragon skeleton (Abyss:4)
  An ushabti (Crypt:3)
  A yak (shapeshifter) (Elf:2)
  4 hogs (Swamp:2)
  15 wraiths
  5 fire elementals
  6 golden eyes
  7 basilisks
  A hog (shapeshifter) (Vaults:5)
  A tyrant leech zombie (Crypt:2)
  A chaos spawn (Abyss:4)
  2 fire bats (Abyss:4)
  4 neqoxecs (Abyss:4)
  2 yaktaur simulacra (Vaults:3)
  29 vampire mosquitoes
  5 hungry ghosts
  6 wargs
  A soldier ant (shapeshifter) (D:15)
  25 nagas
  A harpy simulacrum (Abyss:4)
  A mottled dragon (D:13)
  21 swamp worms
  8 insubstantial wisps
  A soldier ant (D:9)
  14 water moccasins
  Edmund (D:5)
  An infernal demonspawn skeleton (Crypt:2)
  4 porcupines
  3 hell hounds (Elf:2)
  24 swamp drakes
  A black bear (D:10)
  41 orc warriors
  6 ice beasts
  5 sky beasts
  4 necrophages
  A phantom (D:14)
  22 centaurs
  8 eyes of draining
  58 ogres
  21 wolves
  9 boggarts
  A swamp dragon skeleton (Abyss:4)
  12 crocodiles
  An elf zombie (Crypt:2)
  4 snapping turtle skeletons
  2 big kobolds
  A bullfrog (shapeshifter) (Vaults:1)
  A wyvern zombie (D:15)
  17 bullfrogs
  Blork the orc (D:5)
  An earth elemental (Abyss:4)
  3 wyvern skeletons
  17 killer bees
  6 scorpions
  A spriggan zombie (Crypt:1)
  A shapeshifter zombie (Crypt:1)
  A spriggan skeleton (Crypt:3)
  A yak skeleton (Crypt:1)
  7 wights
  A troll skeleton (Abyss:4)
  6 electric eels
  5 crimson imps
  2 bullfrog zombies
  16 hounds
  2 quasits (Abyss:4)
  7 centaur skeletons
  18 orc priests
  A bullfrog skeleton (D:11)
  2 human skeletons
  3 jellies
  31 orc wizards
  Jessica (D:2)
  7 iguanas
  A basilisk skeleton (Crypt:2)
  13 worker ants
  A killer bee zombie (D:6)
  A crocodile zombie (Crypt:1)
  2 hound zombies
  3 hound skeletons
  6 mummies (Crypt:3)
  A hell rat zombie (Crypt:2)
  A howler monkey zombie (D:6)
  4 gnolls (D:8)
  A steam dragon zombie (Crypt:1)
  14 adders
  5 shadow imps
  A white imp (Abyss:4)
  2 oozes
  An adder zombie (D:5)
  2 adder skeletons
  2 worms (D:2)
  4 dart slugs
  5 leopard geckos
  85 orcs
  6 giant cockroaches
  A giant cockroach (shapeshifter) (Vaults:5)
  10 goblins
  9 hobgoblins
  7 jackals
  9 kobolds
  4 quokkas
  3 ball pythons
  8 bats
  A dart slug zombie (Crypt:2)
  6 frilled lizards
  A jackal skeleton (D:9)
  A kobold skeleton (Crypt:1)
  A quokka skeleton (D:4)
  12 rats
  A fungus (Lair:3)
  5 starspawn tentacles (Abyss:4)
2360 creatures vanquished.

Vanquished Creatures (collateral kills)
  An ironheart preserver (Vaults:4)
  A jiangshi (Crypt:2)
  2 skeletal warriors (Crypt:2)
  An anaconda zombie (Crypt:3)
  An iron giant skeleton (Crypt:2)
  A black mamba (Snake:3)
  A troll (Orc:1)
  An orc warrior (Orc:1)
  An orc wizard (Orc:1)
  2 orcs (Orc:1)
12 creatures vanquished.

Vanquished Creatures (others)
  A greater mummy (Crypt:2)
  A lich (Vaults:3)
  2 deep elf master archers (Elf:3)
  3 eldritch tentacles
  2 nagarajas (Snake:4)
  2 curse skulls (Crypt:2)
  A deep elf high priest (Elf:3)
  2 centaur warriors
  A hell hog (Abyss:4)
  3 naga sharpshooters (Snake:4)
  An unseen horror (Abyss:4)
  A deep elf archer (Elf:3)
  An ironbrand convoker (Vaults:5)
  A hill giant (D:14)
  A deep elf mage (D:14)
  2 cyclopes
  2 orc sorcerers
  A naga mage (Snake:4)
  8 yaktaurs
  A polar bear (IceCv)
  A hornet (Abyss:4)
  A human (Swamp:2)
  A chaos spawn (Abyss:4)
  A naga (Abyss:4)
  An ogre (Vaults:5)
  3 centaurs
  A killer bee (shapeshifter) (Vaults:5)
  A quokka (D:8)
  2 briar patches (Swamp:3)
  14 bushes
  12 demonic plants (Abyss:4)
  13 fungi
  A lurking horror (Abyss:4)
  12 plants
  9 starspawn tentacles (Abyss:4)
  4 tentacles (Abyss:4)
  16 withered plants (Crypt:3)
130 creatures vanquished.

Grand Total: 2502 creatures vanquished

Notes
Turn   | Place    | Note
-------+----------+-------------------------------------------
     0 | D:1      | HyperMorgan the Gargoyle Arcane Marksman began the quest for the Orb.
     0 | D:1      | Reached XP level 1. HP: 12/12 MP: 2/2
   597 | D:1      | Reached XP level 2. HP: 16/16 MP: 3/3
   928 | D:1      | Reached XP level 3. HP: 17/21 MP: 4/4
  1198 | D:2      | Noticed Jessica
  1219 | D:2      | Killed Jessica
  1219 | D:2      | Reached skill level 2 in Fighting
  1219 | D:2      | Reached skill level 1 in Maces & Flails
  1513 | D:2      | HP: 1/21 [adder (4)]
  1514 | D:2      | -->:(
  1517 | D:2      | Reached XP level 4. HP: 7/26 MP: 5/5
  2014 | D:2      | Reached XP level 5. HP: 16/31 MP: 6/6
  3069 | D:3      | Reached XP level 6. HP: 31/36 MP: 7/7
  3292 | D:3      | Found a white marble altar of Elyvilon.
  3789 | D:4      | Reached skill level 3 in Fighting
  3835 | D:4      | Found an iron altar of Okawaru.
  3850 | D:4      | Became a worshipper of Warmaster Okawaru
  3893 | D:4      | ---_-
  3949 | D:4      | Noticed Grinder
  4087 | D:4      | Paralysed by Grinder for 5 turns
  4139 | D:3      | Killed Grinder
  4139 | D:3      | Reached skill level 4 in Fighting
  4139 | D:3      | Reached skill level 5 in Crossbows
  4139 | D:3      | Reached XP level 7. HP: 38/43 MP: 8/8
  4193 | D:4      | Reached * piety under Okawaru
  4381 | D:4      | Learned a level 1 spell: Apportation
  4394 | D:4      | Reached skill level 5 in Maces & Flails
  4395 | D:4      | Found Jeckaem's Armour Boutique.
  4408 | D:4      | Bought a +0 helmet of intelligence for 115 gold pieces
  4462 | D:5      | Entered Level 5 of the Dungeon
  4626 | D:5      | Noticed GlenndL's ghost (novice GrCK)
  4638 | D:5      | Found a shadowy altar of Dithmenos.
  4943 | D:5      | Found Zuemah's Armour Shop.
  4961 | D:5      | Bought a +0 cloak for 67 gold pieces
  4973 | D:5      | Noticed Edmund
  5028 | D:5      | Killed Edmund
  5028 | D:5      | Reached XP level 8. HP: 40/48 MP: 9/9
  5215 | D:5      | Paralysed by GlenndL's ghost for 7 turns
  5228 | D:5      | Killed GlenndL's ghost
  5228 | D:5      | Reached skill level 5 in Fighting
  5474 | D:5      | Noticed Blork the orc
  5492 | D:5      | Killed Blork the orc
  5527 | D:5      | Found a burning altar of Makhleb.
  5527 | D:5      | Found a glowing silver altar of Zin.
  5528 | D:5      | Found a sparkling altar of Nemelex Xobeh.
  5624 | D:5      | Reached ** piety under Okawaru
  5699 | D:5      | Reached skill level 1 in Invocations
  6573 | D:6      | Found a staircase to the Ecumenical Temple.
  6653 | D:6      | Reached XP level 9. HP: 41/54 MP: 10/10
  6669 | D:6      | Found a shattered altar of Ashenzari.
  6942 | D:6      | Reached skill level 1 in Armour
  7125 | D:6      | Noticed arthad's ghost (novice FoFi)
  7180 | D:6      | Killed arthad's ghost
  7180 | D:6      | Reached *** piety under Okawaru
  7202 | D:6      | Found a hide-covered altar of Uskayaw.
  7205 | D:6      | Found a blossoming altar of Fedhas.
  7220 | D:6      | Found an ancient bone altar of Kikubaaqudgha.
  7223 | D:6      | Found a glowing golden altar of the Shining One.
  7505 | D:7      | Noticed jackrogers's ghost (novice HOCK)
  7517 | D:6      | Reached skill level 1 in Shields
  7667 | D:7      | Killed jackrogers's ghost
  7667 | D:7      | Reached XP level 10. HP: 58/59 MP: 10/12
  7882 | D:7      | Reached **** piety under Okawaru
  7922 | D:7      | Found a basalt altar of Yredelemnul.
  8193 | D:7      | Reached skill level 10 in Maces & Flails
  8494 | D:8      | Noticed a manticore
  8511 | D:8      | Received a gift from Okawaru
  8518 | D:8      | Killed a manticore
  8526 | D:8      | Received a gift from Okawaru
  8607 | D:8      | Noticed Gastronok
  9314 | D:8      | Received a gift from Okawaru
  9550 | D:7      | --good call on waiting for rcurse for those rings :/
  9552 | D:7      | --mmmm
  9764 | D:8      | Found a staircase to the Lair.
 11288 | D:8      | Reached XP level 11. HP: 59/64 MP: 10/13
 11370 | D:9      | Received a gift from Okawaru
 11742 | D:9      | Found Idwiu's Distillery.
 11757 | D:9      | Bought a potion of degeneration for 16 gold pieces
 12151 | D:9      | Received a gift from Okawaru
 12244 | D:9      | Found a staircase to the Orcish Mines.
 12521 | D:9      | Found a snail-covered altar of Cheibriados.
 12692 | Lair:1   | Entered Level 1 of the Lair of Beasts
 13317 | Lair:1   | Noticed a four-headed hydra
 13330 | Lair:1   | Killed a four-headed hydra
 13330 | Lair:1   | Reached skill level 10 in Crossbows
 13368 | Lair:1   | Received a gift from Okawaru
 13582 | Lair:1   | Noticed a six-headed hydra
 13595 | Lair:1   | Killed a six-headed hydra
 13814 | Lair:2   | Reached ***** piety under Okawaru
 13814 | Lair:2   | Received a gift from Okawaru
 14033 | Lair:2   | Found a staircase to the Snake Pit.
 14356 | Lair:2   | Noticed an eight-headed hydra
 14370 | Lair:2   | Killed an eight-headed hydra
 14370 | Lair:2   | Reached skill level 5 in Shields
 14370 | Lair:2   | Reached XP level 12. HP: 16/68 MP: 12/14
 14615 | Lair:2   | Found a staircase to the Swamp.
 14848 | Lair:2   | Received a gift from Okawaru
 15328 | Lair:3   | Noticed Rupert
 15543 | Lair:3   | Reached skill level 6 in Fighting
 15550 | Lair:3   | Received a gift from Okawaru
 15693 | Lair:3   | Got a dazzling scale mail
 15716 | Lair:4   | Identified the +3 scale mail "Donoveag" {+Fly rC+} (You found it on level 3 of the Lair of Beasts)
 15850 | Lair:3   | Identified the Grimoire of Burning Earth
 16053 | Lair:4   | Got a jewelled shield
 16064 | Lair:4   | Identified the cursed +0 shield of Tufoax {*Corrode +Fly rPois Dex-4} (You found it on level 4 of the Lair of Beasts)
 16186 | Lair:4   | Got a spiked ring mail
 16197 | Lair:4   | Identified the +7 ring mail of Wasted Space {rC+ Int+2 Stlth+} (You found it on level 4 of the Lair of Beasts)
 16197 | Lair:4   | --oooooh
 16596 | Lair:5   | Received a gift from Okawaru
 16602 | Lair:5   | --nice
 16662 | Lair:5   | Reached skill level 7 in Fighting
 16703 | Lair:5   | Reached skill level 5 in Armour
 17109 | Lair:5   | Noticed Nessos
 17137 | Lair:5   | Killed Nessos
 17137 | Lair:5   | Reached skill level 8 in Fighting
 17231 | Lair:5   | Reached skill level 5 in Invocations
 17276 | Lair:5   | Reached skill level 1 in Evocations
 17399 | Lair:5   | Found a viscous altar of Jiyva.
 17400 | Lair:5   | Found a staircase to the Slime Pits.
 17560 | Lair:5   | Received a gift from Okawaru
 17789 | Lair:5   | Reached skill level 9 in Fighting
 17789 | Lair:5   | Reached XP level 13. HP: 54/80 MP: 16/16
 17960 | Lair:6   | Entered Level 6 of the Lair of Beasts
 18056 | Lair:6   | Noticed taraiph's ghost (journeyman MiFi)
 18083 | Lair:6   | Killed taraiph's ghost
 18304 | Lair:6   | Reached skill level 1 in Translocations
 18412 | Lair:6   | Reached skill level 10 in Fighting
 18920 | Lair:6   | Learned a level 2 spell: Corpse Rot
 19073 | Lair:6   | Received a gift from Okawaru
 19124 | Lair:6   | Received a gift from Okawaru
 19131 | Lair:6   | Reached skill level 11 in Fighting
 19322 | Lair:6   | Reached ****** piety under Okawaru
 19331 | Lair:6   | Received a gift from Okawaru
 19369 | Lair:6   | Received a gift from Okawaru
 19523 | Lair:6   | Gained mutation: Your large and strong wings let you fly indefinitely. [Gargoyle growth]
 19523 | Lair:6   | Reached XP level 14. HP: 88/90 MP: 18/18
 19725 | Lair:6   | Found a burning altar of Makhleb.
 20070 | Lair:6   | Found a gateway to Hell.
 20077 | Lair:6   | --oooh :D
 20079 | Lair:6   | --that's fun
 21684 | Lair:3   | Reached skill level 12 in Fighting
 21809 | Lair:3   | Identified a scroll of acquirement
 21810 | Lair:3   | Got an encrusted eveningstar
 21811 | Lair:3   | Identified the +9 eveningstar of Woe {speed, Str+4 Int+4} (You acquired it on level 3 of the Lair of Beasts)
 21812 | Lair:3   | --:DDDD
 21841 | Lair:3   | Killed Rupert
 22389 | Orc:1    | Entered Level 1 of the Orcish Mines
 22563 | Orc:1    | --ahahahhaha
 22608 | Orc:1    | Killed an eldritch tentacle
 23060 | Orc:2    | Entered Level 2 of the Orcish Mines
 23238 | Orc:2    | Noticed an orc warlord
 23277 | Orc:1    | Killed an orc warlord
 23277 | Orc:1    | Received a gift from Okawaru
 23553 | Orc:2    | Reached skill level 5 in Dodging
 23656 | Orc:2    | Found a staircase to the Elven Halls.
 24165 | Orc:2    | Noticed Donald
 24353 | Orc:1    | Killed Donald
 24542 | Orc:2    | Received a gift from Okawaru
 24690 | Orc:2    | Found Tocal's Jewellery Boutique.
 24905 | Orc:2    | Found Tenumel's Distillery.
 24911 | Orc:2    | Bought a potion of might for 56 gold pieces
 24911 | Orc:2    | Bought a potion of berserk rage for 70 gold pieces
 24911 | Orc:2    | Found Tunujima's Gadget Emporium.
 24913 | Orc:2    | Found Zaoc's General Store.
 24921 | Orc:2    | Bought a scroll of blinking for 97 gold pieces
 24923 | Orc:2    | Bought a wand of hasting (7/9) for 726 gold pieces
 24941 | Orc:2    | Bought a potion of agility for 56 gold pieces
 24941 | Orc:2    | Bought a potion of agility for 56 gold pieces
 24974 | Orc:2    | Reached XP level 15. HP: 92/96 MP: 20/20
 25065 | D:10     | Entered Level 10 of the Dungeon
 25253 | D:10     | Found Xoryqus's Jewellery Shop.
 25260 | D:10     | Reached skill level 15 in Maces & Flails
 26188 | D:11     | Received a gift from Okawaru
 26374 | D:12     | Noticed Harold
 26389 | D:12     | Killed Harold
 26498 | D:12     | Noticed Sonja
 26613 | D:12     | Found a frozen archway.
 26650 | D:12     | Reached skill level 5 in Evocations
 26776 | IceCv    | Entered an ice cave
 27262 | IceCv    | Noticed a frost giant
 27328 | IceCv    | Killed a frost giant
 27798 | D:12     | Killed Sonja
 28033 | D:13     | Found an opulent altar of Gozag.
 28287 | D:13     | Received a gift from Okawaru
 28399 | D:13     | Found a stormy altar of Qazlal.
 28791 | D:13     | Found a gate to the Vaults.
 29053 | D:14     | Noticed Agnes
 29068 | D:14     | Killed Agnes
 29181 | D:14     | Reached skill level 1 in Necromancy
 29499 | D:14     | Reached XP level 16. HP: 103/103 MP: 22/22
 29526 | D:14     | Received a gift from Okawaru
 29529 | D:14     | Got a bloodstained plate armour {god gift}
 29548 | D:14     | Identified the +7 plate armour "Maut" {+Inv rC++ MR+ Dex-3} (Okawaru gifted it to you on level 14 of the Dungeon)
 29548 | D:14     | --mmmmmmmmm
 29690 | D:14     | Noticed Snorg
 29697 | D:14     | Killed Snorg
 29697 | D:14     | Reached skill level 13 in Fighting
 29826 | D:14     | Found a runed gate.
 29826 | D:14     | Found a runed gate.
 29826 | D:14     | Found a runed gate.
 29863 | D:14     | Reached skill level 10 in Shields
 29885 | D:14     | Noticed a storm dragon
 29886 | D:14     | Noticed a sphinx
 30087 | D:14     | Found a runed gate.
 30087 | D:14     | Found a runed gate.
 30087 | D:14     | Found a runed gate.
 30400 | D:15     | Entered Level 15 of the Dungeon
 30842 | D:15     | Found a labyrinth entrance.
 30852 | Lab      | Entered a labyrinth
 31173 | Lab      | Got a translucent silver ring
 31175 | Lab      | Identified the ring of Ysalet {Wiz rC+ Str+5} (You found it in a labyrinth)
 31402 | D:15     | Found a staircase to the Depths.
 31632 | D:15     | Received a gift from Okawaru
 32022 | D:10     | Bought the ring "Hiyraesi" {EV+4 SInv Stlth+} for 750 gold pieces
 32152 | Swamp:1  | Entered Level 1 of the Swamp
 32976 | Swamp:2  | Reached skill level 14 in Fighting
 33003 | Swamp:2  | Noticed Kirke
 33069 | Swamp:2  | Noticed Kirke
 33069 | Swamp:2  | Kirke changed into Kirke the frost giant
 33074 | Swamp:2  | Killed Kirke the frost giant
 33074 | Swamp:2  | Reached skill level 10 in Armour
 33207 | Swamp:2  | Received a gift from Okawaru
 33210 | Swamp:2  | Got a crude plate armour {god gift}
 33225 | Swamp:2  | Identified the +3 plate armour of the Country {Int+5} (Okawaru gifted it to you on level 2 of the Swamp)
 33291 | Swamp:2  | Found a runed door.
 33291 | Swamp:2  | Noticed a tentacled monstrosity
 33662 | Swamp:2  | Killed a tentacled monstrosity
 33736 | Swamp:3  | Reached XP level 17. HP: 108/112 MP: 23/23
 33847 | Swamp:3  | Noticed Jorgrun
 33858 | Swamp:3  | Killed Jorgrun
 34469 | Swamp:4  | Entered Level 4 of the Swamp
 34791 | Swamp:4  | Reached skill level 15 in Fighting
 34846 | Swamp:4  | Received a gift from Okawaru
 35205 | Swamp:4  | Got a decaying rune of Zot
 35248 | Swamp:4  | Noticed Louise
 35258 | Swamp:4  | Killed Louise
 35628 | Snake:1  | Entered Level 1 of the Snake Pit
 35636 | Snake:1  | Found Tuige's Tempting Trifles.
 35681 | Snake:1  | Bought a scroll of teleportation for 45 gold pieces
 36685 | Snake:2  | Received a gift from Okawaru
 36697 | Snake:2  | Got a slimy hat {god gift}
 36698 | Snake:2  | Identified the +1 hat "Ranu" {Dex+2} (Okawaru gifted it to you on level 2 of the Snake Pit)
 37017 | Snake:2  | Noticed Aizul
 37050 | Snake:2  | Killed Aizul
 37050 | Snake:2  | Reached XP level 18. HP: 115/120 MP: 24/24
 37648 | Snake:3  | Reached skill level 16 in Fighting
 38138 | Snake:4  | Entered Level 4 of the Snake Pit
 38184 | Snake:4  | Noticed Mara
 38185 | Snake:4  | Noticed Bai Suzhen
 38216 | Snake:3  | Banished Mara
 38322 | Snake:3  | Killed Bai Suzhen
 38472 | Snake:4  | Noticed Vashnia
 38526 | Snake:3  | Killed Vashnia
 38761 | Snake:4  | Received a gift from Okawaru
 39249 | Snake:4  | Noticed Roxanne
 39274 | Snake:4  | Killed Roxanne
 39518 | Snake:4  | Received a gift from Okawaru
 39624 | Snake:4  | Reached skill level 17 in Fighting
 39630 | Snake:4  | Reached skill level 15 in Shields
 39653 | Snake:4  | Received a gift from Okawaru
 39653 | Snake:4  | Reached XP level 19. HP: 100/128 MP: 25/25
 39762 | Snake:4  | Received a gift from Okawaru
 39777 | Snake:4  | Got a pair of bloodstained gloves {god gift}
 39783 | Snake:4  | Identified the +2 pair of gloves "Gesuqak" {Str+7 Int-5 Dex+2} (Okawaru gifted it to you on level 4 of the Snake Pit)
 40090 | Snake:4  | Reached skill level 15 in Armour
 40329 | Snake:4  | Got a serpentine rune of Zot
 40725 | D:10     | Reached skill level 18 in Fighting
 40815 | Vaults:1 | Entered Level 1 of the Vaults
 40849 | Vaults:1 | Received a gift from Okawaru
 40945 | D:13     | Received a gift from Okawaru
 41053 | D:13     | Received a gift from Okawaru
 41844 | D:13     | Reached XP level 20. HP: 127/137 MP: 26/26
 41896 | Vaults:1 | Received a gift from Okawaru
 42640 | Vaults:1 | Reached skill level 19 in Fighting
 43007 | Vaults:2 | Received a gift from Okawaru
 43021 | Vaults:2 | --mmm
 43198 | Vaults:2 | Noticed Boris
 43213 | Vaults:2 | Killed Boris
 44386 | Vaults:3 | Found Keari's Magic Scroll Boutique.
 44457 | Vaults:3 | Reached XP level 21. HP: 144/144 MP: 27/27
 44489 | Vaults:3 | Found Gotre's Food Shop.
 44674 | Vaults:3 | Received a gift from Okawaru
 44682 | Vaults:3 | Got a distressingly furry chain mail {god gift}
 44683 | Vaults:3 | Identified the +4 chain mail of the Other Side {rPois rC+ Int+4} (Okawaru gifted it to you on level 3 of the Vaults)
 44803 | Vaults:3 | Found a staircase to the Crypt.
 44803 | Vaults:3 | Found a basalt altar of Yredelemnul.
 44804 | Vaults:3 | Found an ancient bone altar of Kikubaaqudgha.
 44840 | Vaults:3 | Found a stormy altar of Qazlal.
 45673 | Vaults:3 | Reached skill level 20 in Fighting
 46565 | Vaults:4 | Received a gift from Okawaru
 46568 | Vaults:4 | Got a jewelled large shield {god gift}
 46569 | Vaults:4 | Identified the +0 large shield of Facypeurgh {rCorr Int-4 Dex+4 SInv} (Okawaru gifted it to you on level 4 of the Vaults)
 46712 | Vaults:4 | Found Loqip's Antique Weapon Emporium.
 47655 | D:14     | Learned a level 3 spell: Regeneration
 47657 | D:14     | Got a dazzling chain mail
 47658 | D:14     | Identified the +1 chain mail of Morality {rPois rC+ Int+2 Slay-5} (You found it on level 14 of the Dungeon)
 47693 | D:14     | Identified a +7 rod of clouds (13/13) (You found it on level 14 of the Dungeon)
 47696 | D:14     | Got a vibrating ivory ring
 47698 | D:14     | Identified the ring of Birdsong {rN+ Int+4} (You found it on level 14 of the Dungeon)
 47922 | Crypt:1  | Entered Level 1 of the Crypt
 48101 | Crypt:1  | Reached XP level 22. HP: 153/153 MP: 28/28
 48689 | Crypt:2  | Learned a level 3 spell: Spectral Weapon
 48777 | Crypt:2  | Received a gift from Okawaru
 48854 | Crypt:2  | Received a gift from Okawaru
 48972 | Crypt:2  | Identified Xeva's Collected Works on Unholy Rituals
 49011 | Crypt:2  | Received a gift from Okawaru
 49051 | Crypt:2  | Noticed Saint Roka
 49399 | Crypt:2  | Noticed a greater mummy
 49401 | Crypt:2  | Noticed a greater mummy
 49402 | Crypt:2  | Noticed Khufu
 49651 | Crypt:2  | Found an ancient bone altar of Kikubaaqudgha.
 49691 | Crypt:2  | Killed Khufu
 49691 | Crypt:2  | Received a gift from Okawaru
 49691 | Crypt:2  | Reached skill level 21 in Fighting
 49694 | Crypt:2  | Noticed a greater mummy
 49704 | Crypt:2  | Killed a greater mummy
 49705 | Crypt:2  | Banished a greater mummy
 49709 | Crypt:2  | Banished a greater mummy
 49967 | Crypt:2  | Got a shimmering hand crossbow {god gift}
 49968 | Crypt:2  | Identified the +1 hand crossbow "Uxept" {freeze, -Tele +Inv +Fly rC+ SInv} (Okawaru gifted it to you on level 2 of the Crypt)
 50210 | Crypt:2  | Killed Saint Roka
 50284 | Crypt:2  | Noticed Frederick
 50292 | Crypt:2  | Was placed under penance by Okawaru
 50294 | Crypt:2  | -->:(
 50302 | Crypt:2  | Killed Frederick
 50312 | Crypt:3  | Entered Level 3 of the Crypt
 50767 | Crypt:3  | Reached XP level 23. HP: 152/160 MP: 29/29
 50800 | Crypt:3  | Got an ancient amber ring
 50802 | Crypt:3  | Identified the ring of Acididawe {rF- rC++ rN+ Int+5} (You found it on level 3 of the Crypt)
 50805 | Crypt:3  | Got a heavily runed lapis lazuli ring
 50808 | Crypt:3  | Identified the ring "Qamoppe" {rN+ SInv Stlth+} (You found it on level 3 of the Crypt)
 50812 | Crypt:3  | Got a crude turquoise ring
 50813 | Crypt:3  | Identified the ring "Goaggem" {rF+ rN+ Dex+4} (You found it on level 3 of the Crypt)
 50971 | Crypt:3  | Was forgiven by Okawaru
 51419 | Crypt:3  | Found a staircase to the Tomb.
 51757 | Crypt:3  | Identified the Tome of Bodily Humours
 51762 | Crypt:3  | Learned a level 2 spell: Repel Missiles
 51766 | Crypt:3  | Got a faintly glowing hand crossbow
 51767 | Crypt:3  | Identified the +5 hand crossbow "Bufaacs" {venom, Int+3} (You found it on level 3 of the Crypt)
 51810 | Crypt:3  | Received a gift from Okawaru
 52016 | Crypt:3  | Received a gift from Okawaru
 52101 | Crypt:3  | Got a spiked cloak {god gift}
 52102 | Crypt:3  | Identified the +0 cloak of the Grey Skies {rF+++ rC+ Str-5} (Okawaru gifted it to you on level 3 of the Crypt)
 52201 | Crypt:3  | Found an ancient bone altar of Kikubaaqudgha.
 52456 | Crypt:3  | Noticed an ancient lich
 52468 | Crypt:3  | Killed an ancient lich
 52799 | Crypt:3  | Reached skill level 22 in Fighting
 53429 | Elf:1    | Entered Level 1 of the Elven Halls
 53555 | Elf:1    | Identified the Tome of the Dusty Arsonist
 53561 | Elf:1    | Identified Xidanan's Collected Works on the Entourage
 54527 | Elf:2    | Noticed Azrael
 54543 | Elf:2    | Killed Azrael
 54628 | Elf:2    | Found a runed gate.
 54628 | Elf:2    | Found a runed gate.
 54628 | Elf:2    | Found a runed gate.
 54806 | Elf:2    | Reached XP level 24. HP: 169/169 MP: 29/29
 54814 | Elf:2    | Received a gift from Okawaru
 55226 | Elf:3    | Entered Level 3 of the Elven Halls
 55536 | Elf:3    | Found Halipsamm's Book Shop.
 56239 | Elf:3    | Received a gift from Okawaru
 56306 | Elf:3    | Got an ancient glass ring
 56344 | Elf:3    | Identified the ring of Hizivip {Fire Int+3} (You took it off a deep elf death mage on level 3 of the Elven Halls)
 56350 | Elf:3    | Got a crude bone ring
 56355 | Elf:3    | Identified the ring "Saah" {+Blink MR+ MP+9 Dex+4 Slay-5} (You took it off a deep elf demonologist on level 3 of the Elven Halls)
 56484 | Elf:3    | Noticed Asterion
 56762 | Elf:3    | Killed Asterion
 56779 | Elf:3    | Got a jewelled plate armour
 56785 | Elf:3    | Identified the +8 plate armour of the Volcano {Str+4} (You took it off Asterion on level 3 of the Elven Halls)
 57047 | Elf:3    | Identified Zoteq's Collected Works on the Compass and Execration
 57198 | Elf:3    | Identified the Collected Works on Creation and Venom
 57521 | D:10     | Bought an uncursed ring of resist corrosion for 300 gold pieces
 57733 | Lair:5   | Gained mutation: [Your body sometimes deteriorates upon taking damage.] [a shining eye]
 57735 | Lair:5   | Gained mutation: [Your body often deteriorates upon taking damage.] [a shining eye]
 57739 | Lair:5   | Lost mutation: [Your body often deteriorates upon taking damage.] [potion of cure mutation]
 57739 | Lair:5   | Lost mutation: [Your body sometimes deteriorates upon taking damage.] [potion of cure mutation]
 57741 | Slime:1  | Entered Level 1 of the Pits of Slime
 57901 | Slime:1  | Gained mutation: [You are frail. (-10% HP)] [a shining eye]
 57903 | Slime:1  | Gained mutation: You regenerate slowly when monsters are visible. [a shining eye]
 57922 | Lair:5   | Reached skill level 23 in Fighting
 58057 | Slime:2  | Received a gift from Okawaru
 58118 | Slime:2  | Gained mutation: You tend to lose your temper in combat. [a shining eye]
 58120 | Slime:2  | Gained mutation: Your magical capacity is low. (-10% MP) [a shining eye]
 58121 | Slime:2  | Gained mutation: Your magical capacity is very low. (-20% MP) [a shining eye]
 58129 | Slime:2  | Lost mutation: Your magical capacity is very low. (-20% MP) [potion of cure mutation]
 58129 | Slime:2  | Lost mutation: Your magical capacity is low. (-10% MP) [potion of cure mutation]
 58129 | Slime:2  | Lost mutation: [You are frail. (-10% HP)] [potion of cure mutation]
 58129 | Slime:2  | Lost mutation: You regenerate slowly when monsters are visible. [potion of cure mutation]
 58129 | Slime:2  | Lost mutation: You tend to lose your temper in combat. [potion of cure mutation]
 58502 | Slime:4  | Gained mutation: You are dopey. (Int -2) [a shining eye]
 58516 | Slime:5  | Entered Level 5 of the Pits of Slime
 58983 | Slime:5  | Reached XP level 25. HP: 136/176 MP: 11/29
 59201 | Slime:4  | Reached skill level 1 in Charms
 59333 | Slime:5  | Noticed the Royal Jelly
 59442 | Slime:5  | Gained mutation: You tend to lose your temper in combat. [a shining eye]
 59536 | Slime:5  | Found a viscous altar of Jiyva.
 59696 | Slime:5  | Killed the Royal Jelly
 59696 | Slime:5  | Received a gift from Okawaru
 59833 | Slime:5  | Got a spiked plate armour
 59877 | Slime:5  | Identified the +1 plate armour "Raiguav" {rElec Regen+ rCorr Int-4} (You found it on level 5 of the Pits of Slime)
 59947 | Slime:5  | Got a slimy rune of Zot
 60283 | Vaults:1 | Lost mutation: You are dopey. (Int -2) [potion of cure mutation]
 60283 | Vaults:1 | Lost mutation: You tend to lose your temper in combat. [potion of cure mutation]
 60386 | Vaults:5 | Entered Level 5 of the Vaults
 60567 | Vaults:5 | --mmmm
 60568 | Vaults:5 | --not tele but ill take it
 60644 | Vaults:5 | Reached skill level 1 in Air Magic
 60705 | Vaults:5 | Received a gift from Okawaru
 61938 | Vaults:5 | Reached skill level 24 in Fighting
 61991 | Vaults:5 | Received a gift from Okawaru
 62022 | Vaults:5 | Reached XP level 26. HP: 184/184 MP: 29/29
 62255 | Vaults:5 | Reached skill level 10 in Dodging
 62355 | Vaults:5 | Noticed Mennas
 62387 | Vaults:5 | Killed Mennas
 62398 | Vaults:5 | --hm the macabre finger necklace
 62413 | Vaults:5 | Got a shimmering large shield
 62418 | Vaults:5 | Identified the +3 large shield "Quliat" {+Blink rN+} (You took it off Mennas on level 5 of the Vaults)
 62495 | Vaults:5 | Got a silver rune of Zot
 62653 | Vaults:5 | Noticed an ancient lich
 62661 | Vaults:5 | Killed an ancient lich
 62661 | Vaults:5 | Reached skill level 5 in Spellcasting
 62685 | Vaults:5 | Received a gift from Okawaru
 62908 | Vaults:5 | Received a gift from Okawaru
 62919 | Vaults:5 | Identified Coawis's Reference Book on Combat Magic and Flames
 63110 | Vaults:5 | Reached skill level 5 in Hexes
 63399 | D:12     | Gained mutation: You are dopey. (Int -2) [mutagenic glow]
 63453 | D:12     | Gained mutation: Your flesh is cold resistant. (rC+) [mutagenic glow]
 63664 | D:12     | --ugh
 63699 | D:12     | Gained mutation: [You are frail. (-10% HP)] [mutagenic glow]
 63745 | D:12     | Gained mutation: Your magical capacity is low. (-10% MP) [mutagenic glow]
 63773 | D:12     | Gained mutation: Your magical capacity is very low. (-20% MP) [mutagenic glow]
 63774 | D:12     | Lost mutation: Your magical capacity is very low. (-20% MP) [potion of cure mutation]
 63774 | D:12     | Lost mutation: [You are frail. (-10% HP)] [potion of cure mutation]
 63774 | D:12     | Lost mutation: You are dopey. (Int -2) [potion of cure mutation]
 63774 | D:12     | Lost mutation: Your magical capacity is low. (-10% MP) [potion of cure mutation]
 64101 | D:12     | Cast into level 4 of the Abyss (a distortion unwield)
 64181 | Abyss:4  | Found a corrupted altar of Lugonu.
 64201 | Abyss:4  | Reached skill level 10 in Invocations
 64774 | Abyss:4  | Reached skill level 5 in Charms
 64793 | Abyss:4  | Received a gift from Okawaru
 64942 | Abyss:4  | Gained mutation: Armour fits poorly on your strangely shaped body. [a neqoxec]
 65174 | Abyss:4  | Found a hide-covered altar of Uskayaw.
 65220 | Abyss:4  | Received a gift from Okawaru
 65276 | Abyss:4  | Reached XP level 27. HP: 51/192 MP: 30/30
 65280 | Abyss:4  | Reached skill level 25 in Fighting
 65289 | Abyss:4  | Received a gift from Okawaru
 65397 | Abyss:4  | Got an abyssal rune of Zot
 65640 | Abyss:4  | Reached skill level 5 in Necromancy
 66258 | Abyss:4  | Reached skill level 5 in Translocations
 66322 | Abyss:4  | Paralysed by accursed screaming for 1 turns
 66334 | Abyss:4  | Paralysed by accursed screaming for 2 turns
 66336 | Abyss:4  | Killed from afar by a starcursed mass

Skill      XL: |  1  2  3  4  5  6  7  8  9 10 11 12 13 14 15 16 17 18 19 20 21 22 23 24 25 26 27 |
---------------+----------------------------------------------------------------------------------+-----
Crossbows      | 3 4 5 6 7 9 10 | 10.0
Fighting       | 2 4 5 9 11 12 14 15 17 18 19 20 21 22 23 24 25 | 25.3
Maces & Flails | 1 2 4 5 7 9 11 13 14 16 | 16.3
Invocations    | 2 3 5 7 8 10 | 10.0
Armour         | 3 5 6 8 10 12 14 15 17 18 19 20 21 22 | 22.1
Shields        | 2 3 5 7 8 9 11 13 15 17 18 19 20 21 | 21.5
Dodging        | 3 5 7 9 10 | 10.0
Evocations     | 2 3 4 5 7 8 |  8.0
Stealth        | 3 |  3.2
Translocations | 3 5 |  5.0
Spellcasting   | 3 5 |  5.0
Necromancy     | 1 3 4 5 |  5.0
Charms         | 3 5 |  5.0
Air Magic      | 4 |  4.8
Hexes          | 3 5 |  5.0

Action                   |  1- 3 |  4- 6 |  7- 9 | 10-12 | 13-15 | 16-18 | 19-21 | 22-24 | 25-27 || total
-------------------------+-------+-------+-------+-------+-------+-------+-------+-------+-------++-------
Melee: Unarmed           |    35 |       |       |       |       |       |       |       |       ||    35
       Short sword       |     7 |       |       |       |       |       |       |       |       ||     7
       Mace              |    89 |   116 |       |       |       |       |       |       |       ||   205
       Flail             |       |   173 |   449 |  1145 |       |       |       |       |       ||  1767
       Demon whip        |       |       |       |   156 |   680 |    70 |   132 |   145 |    29 ||  1212
       Eveningstar       |       |       |       |       |   840 |  1527 |  1642 |  2067 |  2001 ||  8077
 Fire: Hand crossbow     |     7 |    17 |       |    45 |    48 |       |       |       |       ||   117
Throw: Throwing net      |       |       |     1 |     1 |       |       |       |       |       ||     2
 Cast: Apportation       |       |       |       |       |       |       |       |     1 |       ||     1
       Regeneration      |       |       |       |       |       |       |       |       |     2 ||     2
Invok: Heroism           |       |       |     4 |    14 |    10 |     1 |     1 |     5 |     2 ||    37
       Finesse           |       |       |       |       |       |       |       |     1 |       ||     1
 Abil: Fly               |       |       |       |       |     1 |       |       |       |     1 ||     2
       Stop Flying       |       |       |       |       |       |       |       |       |     1 ||     1
       Evoke Blink       |       |       |       |       |       |       |       |       |     1 ||     1
Evoke: Wand              |       |     3 |     2 |     9 |     2 |       |     1 |     1 |       ||    18
  Use: Potion            |     1 |       |       |     1 |     2 |       |       |     2 |     9 ||    15
       Scroll            |       |     9 |     5 |    14 |    10 |     6 |     8 |    12 |     7 ||    71
 Stab: Held in net/web   |       |       |     1 |       |       |       |       |       |       ||     1
       Distracted        |       |       |       |     1 |       |       |       |     1 |       ||     2
       Sleeping          |       |       |       |       |    10 |       |       |       |       ||    10
       Paralysed         |       |       |       |       |     6 |       |     3 |     4 |       ||    13
       Confused          |       |       |       |       |     4 |     1 |     1 |       |       ||     6
       Invisible         |       |       |       |       |       |       |       |       |     1 ||     1
  Eat: Chunk             |     1 |    10 |     8 |    31 |    32 |    27 |    21 |     6 |    12 ||   148
       Royal jelly       |       |       |     1 |     1 |     1 |       |     1 |     2 |       ||     6
       Meat ration       |       |       |     1 |     1 |     1 |     1 |     1 |     5 |     1 ||    11
       Pizza             |       |       |       |       |       |       |     1 |       |     1 ||     2
       Bread ration      |       |       |       |       |       |       |       |     1 |     2 ||     3
       Fruit             |       |       |       |       |       |       |       |     1 |       ||     1
Armor: Robe              |    18 |       |       |       |       |       |       |       |       ||    18
       Leather armour    |    22 |       |       |       |       |       |       |       |       ||    22
       Ring mail         |    18 |   169 |   215 |   474 |   338 |     6 |       |       |       ||  1220
       Scale mail        |       |       |       |    23 |       |       |       |       |       ||    23
       Plate armour      |       |       |       |       |       |   459 |   333 |   450 |   331 ||  1573
Dodge: Dodged            |    90 |   177 |   158 |   296 |   234 |   286 |   251 |   316 |   354 ||  2162
Block: Shield            |       |    61 |   148 |   653 |   729 |  1065 |       |       |       ||  2656
       Reflection        |       |       |       |     5 |    42 |    52 |   133 |    77 |    85 ||   394
       Large shield      |       |       |       |       |       |       |  1382 |  1933 |  1835 ||  5150
       Other             |       |       |       |       |       |       |     3 |       |       ||     3
